 Dungeon Crawl Stone Soup version 0.30-a0-1008-g30c9307041 (webtiles) character file.

Game seed: 18122912975342049870

396 GigaChad the Shield-Bearer (level 7, -1/55 HPs)
             Began as a Formicid Fighter on Apr 5, 2023.
             Slain by a wight
             ... wielding a +0 battleaxe
              (12 damage)
             ... on level 4 of the Dungeon.
             The game lasted 00:05:18 (3283 turns).

GigaChad the Shield-Bearer (Formicid Fighter)       Turns: 3283, Time: 00:05:18

Health: -1/55      AC: 12    Str: 22    XL:     7   Next: 9%
Magic:  7/7        EV:  6    Int:  8    God:
Gold:   217        SH:  5    Dex: 13    Spells: 6/6 levels left

rFire   . . .      SeeInvis +    a - +1 war axe
rCold   . . .      Faith    .    c - +0 buckler
rNeg    . . .      Spirit   .    o - +0 plate armour
rPois   .          Reflect  .    (helmet unavailable)
rElec   .          Rampage  .    (no cloak)
rCorr   .                        (no gloves)
Will    .....                    (no boots) Stlth
                                 k - amulet of the acrobat
HPRegen 0.29/turn                (no ring)
MPRegen 0.10/turn                (no ring)

@: lethally poisoned (-1 -> -7)
A: permanent stasis, dig shafts and tunnels, antennae 3, four strong arms
a: Dig, Shaft Self


You were on level 4 of the Dungeon.
You visited 1 branch of the dungeon, and saw 4 of its levels.

You collected 217 gold pieces.

Inventory:

Hand Weapons
 a - a +1 war axe (weapon)
Armour
 b - a +0 scale mail
 c - a +0 buckler (worn)
 o - a +0 plate armour (worn)
 v - a +0 chain mail
Jewellery
 k - an amulet of the acrobat (around neck)
Wands
 i - a wand of mindburst (21)
 m - a wand of light (14)
 q - a wand of roots (9)
Scrolls
 e - 3 scrolls of teleportation
 t - a scroll of amnesia
 u - a scroll of magic mapping
Potions
 d - 2 potions of might
 f - a potion of heal wounds {unknown}
 g - 2 potions of haste
 h - a potion of berserk rage {unknown}
 j - a potion of mutation {unknown}
 l - a potion of resistance {unknown}
 n - a potion of brilliance {unknown}
 p - 2 potions of attraction {unknown}
 r - 2 potions of curing {unknown}
 s - a potion of cancellation {unknown}


   Skills:
 + Level 4.6 Fighting
 + Level 4.6 Axes
 + Level 4.8 Armour
 + Level 1.1 Dodging
 + Level 0.7 Stealth
 + Level 5.0 Shields


You had 6 spell levels left.
You didn't know any spells.
Your spell library contained the following spells:

 Spells                   Type           Power      Damage    Failure   Level
 Necrotise                Necr           0%         1d4       100%        1
 Vampiric Draining        Necr           0%         2d6       100%        3
 Manifold Assault         Tloc           0%         N/A       100%        4
 Agony                    Necr           0%         N/A       100%        5
 Storm Form               Tmut/Air       0%         N/A       100%        7
 Blink                    Tloc           Unusable   N/A       N/A         2

Dungeon Overview and Level Annotations

Branches:
Dungeon (4/15)
 Temple: D:4-7

Altars:
Yredelemnul
Zin

Annotations:
D:4 2 runed translucent doors, sargonster's ghost, amateur HOBe


Innate Abilities, Weirdness & Mutations

You cannot be hasted, slowed, berserked, paralysed or teleported.
You can dig through walls and to a lower floor.
You have a pair of large antennae on your head. (SInv)
Your four strong arms can wield two-handed weapons with a shield.


Message History

The wight is heavily damaged.
The wight hits you with a +0 scimitar.
The kobold brigand throws a curare-tipped dart.
You block the curare-tipped dart.
You hit the wight but do no damage.
The wight is heavily damaged.
The kobold brigand throws a curare-tipped dart.
You block the curare-tipped dart.
You closely miss the wight.
The wight is heavily damaged.
The wight hits you with a +0 scimitar.
The kobold brigand throws a curare-tipped dart.
The curare-tipped dart hits you.
You are poisoned.
You have difficulty breathing.
Your stasis prevents you from being slowed.
The wight hits you with a +0 scimitar! The wight closely misses you.
Unknown command.
You closely miss the wight.
The wight is heavily damaged.
You hit the wight but do no damage.
You feel very sick. The wight hits you with a +0 battleaxe.
The wight hits you but does no damage.
Unknown command.
You are too injured to fight recklessly!
Unknown command.
You are too injured to fight recklessly!
Unknown command.
You closely miss the kobold brigand. You slash the wight!
You hit the wight but do no damage.
You feel very sick. You block the wight's attack.
The kobold brigand hits you but does no damage.
The wight barely misses you.
You completely miss the kobold brigand. You hit the wight. x2; You feel sick.
The wight hits you with a +0 battleaxe!
* * * LOW HITPOINT WARNING * * *
The wight barely misses you. You block the kobold brigand's attack.
The wight hits you with a +0 battleaxe!
You die...

*,* #K≈.#.###.≈.##....
*,******
#.≈.#...#.≈.#.....
*,,,,,,*
#.≈.#._.#.≈.##..>.
**********,*
#.§.#...#.≈.###...
*,,,,,,,,,,*
#.§.###.#.≈.§###.#
*,**********
##.≈.......≈.§##### *,*
#.)≈≈≈§≈§≈§≈.§.....
*,****
#.K................
**,,,,**
#z@################
*,,**,,*******##z#*** #
,,,,,,,,,,,,*,,...{,*
,***+***,,*,,,.....,*
,,**,**,,****.......***
,,,***,,****.........,*
,,,,*,,,,,*#........#.*
+***,,,,*,,#........#.#
∩**,,****,*,,,,,,,,,*,*


You could see a kobold brigand and 2 wights.

Vanquished Creatures
  An ogre (D:4)
  2 hounds (D:4)
  2 orc priests (D:3)
  A sleepcap (D:4)
  An orc wizard (D:4)
  Robin (D:2)
  An ufetubus (D:4)
  2 worms (D:2)
  3 dart slugs (D:2)
  10 orcs
  2 ball pythons
  2 endoplasms
  6 giant cockroaches
  12 goblins
  11 hobgoblins
  5 jackals
  5 kobolds
  2 quokkas
  3 bats
  2 frilled lizards
  7 rats
81 creatures vanquished.

Vanquished Creatures (others)
  An orc wizard (D:4)
1 creature vanquished.

Grand Total: 82 creatures vanquished

Notes
Turn   | Place    | Note
-------+----------+-------------------------------------------
     0 | D:1      | GigaChad the Formicid Fighter began the quest for the Orb.
     0 | D:1      | Reached XP level 1. HP: 18/18 MP: 1/1
    80 | D:1      | Reached XP level 2. HP: 24/24 MP: 2/2
   767 | D:1      | Reached XP level 3. HP: 30/30 MP: 3/3
  1288 | D:2      | Noticed Robin
  1292 | D:2      | Reached XP level 4. HP: 37/37 MP: 4/4
  1299 | D:2      | Killed Robin
  1925 | D:3      | Reached XP level 5. HP: 33/42 MP: 5/5
  2493 | D:3      | Found a basalt altar of Yredelemnul.
  2841 | D:4      | Reached XP level 6. HP: 48/48 MP: 6/6
  2846 | D:4      | Found a runed translucent door.
  2848 | D:4      | Noticed sargonster's ghost (amateur HOBe)
  2925 | D:4      | Found a runed translucent door.
  2939 | D:4      | Noticed an ogre
  2948 | D:4      | Killed an ogre
  2949 | D:4      | Reached skill level 1 in Dodging
  2959 | D:4      | Reached skill level 5 in Shields
  2966 | D:4      | Reached XP level 7. HP: 29/55 MP: 7/7
  3262 | D:4      | Found a glowing silver altar of Zin.
  3283 | D:4      | Slain by a wight

Illustrated notes

Levels and vault maps discovered:
D:1:      heliophobic_arrival_glass_houses, layout_basic,
          minmay_misc_feat_hallway
D:2:      layout_loops_ring, uniq_robin
D:3:      layout_basic, overflow_temple_1_default, minmay_misc_feat_chi,
          guppyfry_early_orc_mine
D:4:      layout_loops_ring, tgw_kikubaaqudgha, mainiacjoe_overflow_brackets,
          nicolae_ossuary_entry_giza, ebering_ghost_sewer_f,
          chequers_serial_rivers_small_3

Skill      XL: |  1  2  3  4  5  6 |
---------------+-------------------+-----
Armour         | 4 |  4.8
Fighting       | 4 |  4.6
Axes           | 3 4 |  4.6
Dodging        | 1 |  1.1
Shields        | 5 |  5.0
Stealth        | |  0.7

Action                     |  1- 3 |  4- 6 |  7- 9 || total
---------------------------+-------+-------+-------++-------
  Melee: War axe           |    81 |   115 |    22 ||   218
    Use: Scroll            |     4 |     5 |       ||     9
 Armour: Scale mail        |    36 |    26 |       ||    62
         Chain mail        |       |    18 |     8 ||    26
         Plate armour      |       |       |     4 ||     4
  Dodge: Dodged            |    44 |    64 |    15 ||   123
  Block: Buckler           |    21 |    26 |     7 ||    54

Table legend: (Time is in decaauts)
 A = Elapsed time spent in this place.
 B = Non-inter-level travel time spent in this place.
 C = Inter-level travel time spent in this place.
 D = Time resting spent in this place.
 E = Time spent auto-exploring this place.
 F = Levels seen in this place.
 G = Mean time per level.
                   A        B        C        D        E       F      G
               +--------+--------+--------+--------+--------+-----+--------+
         Total |   3366 |   3299 |     67 |    647 |   1960 |   4 |  841.5 |
       Dungeon |   3366 |   3299 |     67 |    647 |   1960 |   4 |  841.5 |
               +--------+--------+--------+--------+--------+-----+--------+

Top non-repeatable levels by time:
     D:3: 1213 daAuts
     D:1: 1003 daAuts
     D:2: 673 daAuts
     D:4: 476 daAuts
